 Dungeon Crawl Stone Soup version 0.30.1-9-gdf580d7c3d (webtiles) character file.

Game seed: 4997551001978342112

16625 BillyBaka the Cleaver (level 12, -5/108 HPs)
             Began as a Minotaur Fighter on Sept 27, 2023.
             Was a High Priest of Okawaru.
             Killed from afar by a starcursed mass (9 damage)
             ... with an accursed screaming
             ... on level 2 of the Abyss.
             The game lasted 00:40:35 (9911 turns).

BillyBaka the Cleaver (Minotaur Fighter)            Turns: 9911, Time: 00:40:36

Health: -5/108     AC: 30    Str: 25    XL:     12   Next: 11%
Magic:  0/3        EV:  8    Int:  8    God:    Okawaru [*****.]
Gold:   203        SH:  0    Dex: 21    Spells: 11/11 levels left

rFire   + + .        a - +9 executioner's axe "Giuchi" {antimagic, rF++ rN+ Dex-2}
rCold   . . .        (shield currently unavailable)
rNeg    + . .        i - +8 orange crystal plate armour {Archmagi, Int+3 Clar}
rPois   .            (helmet restricted)
rElec   .            (no cloak)
rCorr   .            (no gloves)
SInv    .            g - +0 pair of boots
Will    .....        j - amulet of guardian spirit Stlth
                     k - +6 ring of dexterity
HPRegen 0.38/turn    t - +6 ring of dexterity
MPRegen 0.08/turn

%: clarity, guardian spirit, archmagi
@: hasted, very quick
A: horns 2, retaliatory headbutt, [low MP 2]
a: Renounce Religion, Heroism, Finesse, Duel


You were on level 2 of the Abyss.
You worshipped Okawaru.
Okawaru was extremely pleased with you.
You visited 2 branches of the dungeon, and saw 10 of its levels.
You visited the Abyss 3 times.
You also visited: Sewer and Ossuary.

You collected 582 gold pieces.
You spent 379 gold pieces at shops.

Inventory:

Hand Weapons
 a - the +9 executioner's axe "Giuchi" (weapon) {antimagic, rF++ rN+ Dex-2}
   (You acquired it on level 6 of the Dungeon)

   Dex:       It affects your dexterity (-2).
   rF:        It greatly protects you from fire.
   rN:        It protects you from negative energy.
 b - a +2 scimitar of flaming
Missiles
 p - 3 silver boomerangs
 C - 3 javelins (quivered)
 J - 2 curare-tipped darts
 K - 7 boomerangs
 M - 4 silver javelins
 O - a datura-tipped dart
Armour
 g - a +0 pair of boots (worn)
 i - the +8 orange crystal plate armour (worn) {Archmagi, Int+3 Clar}
   (You acquired it on level 3 of the Dungeon)

   Int:       It affects your intelligence (+3).
   Clar:      It protects you from confusion, rage, mesmerisation and fear.
 S - the +7 plate armour "Duhets" {+Inv rElec Str+3 Stlth-}
   (Okawaru gifted it to you on level 9 of the Dungeon)

   Str:       It affects your strength (+3).
   rElec:     It insulates you from electricity.
   +Inv:      It lets you turn invisible.
   Stlth:     It makes you less stealthy.
Jewellery
 j - an amulet of guardian spirit (around neck)
 k - a +6 ring of dexterity (left hand)
 t - a +6 ring of dexterity (right hand)
 Q - a ring of flight
Wands
 e - a wand of polymorph (6)
 m - a wand of mindburst (10)
 y - a wand of roots (5)
Scrolls
 c - a scroll of silence {unknown}
 l - a scroll of vulnerability {unknown}
 n - a scroll of torment {unknown}
 o - 8 scrolls of teleportation
 u - 4 scrolls of enchant weapon
 v - 2 scrolls of noise {unknown}
 D - 3 scrolls of fog
 F - a scroll of fear
 G - 2 scrolls of blinking {unknown}
 H - 2 scrolls of poison
 I - 4 scrolls of magic mapping
 N - a scroll of immolation {unknown}
 R - a scroll of amnesia
Potions
 d - a potion of might
 f - 3 potions of berserk rage {unknown}
 h - a potion of degeneration {unknown}
 q - 4 potions of attraction
 r - 4 potions of magic {unknown}
 w - 10 potions of curing
 x - 2 potions of cancellation {unknown}
 z - a potion of flight {unknown}
 A - a potion of ambrosia {unknown}
 B - a potion of mutation {unknown}
 E - a potion of lignification {unknown}
 P - 2 potions of resistance {unknown}


   Skills:
 + Level 10.9 Fighting
 * Level 14.4 Axes
 - Level 6.1 Throwing
 + Level 10.4 Armour
 + Level 6.2 Dodging
 + Level 3.1 Stealth
 - Level 3.6 Shields
 + Level 5.3 Invocations


You had 11 spell levels left.
You didn't know any spells.
Your spell library contained the following spells:

 Spells                   Type           Power      Damage    Failure   Level
 Apportation              Tloc           0%         N/A       100%        1
 Necrotise                Necr           0%         1d4       100%        1
 Sting                    Tmut/Pois      0%         1d3       100%        1
 Poisonous Vapours        Pois/Air       0%         N/A       100%        2
 Ignite Poison            Fire/Tmut/Pois 0%         N/A       100%        3
 Leda's Liquefaction      Hex/Erth       0%         N/A       100%        4
 Olgreb's Toxic Radiance  Pois           0%         N/A       100%        4
 Sticky Flame             Conj/Fire      0%         2d3       100%        4
 Lee's Rapid Deconstruct  Erth           0%         3d4*      100%        5
 Statue Form              Tmut/Erth      0%         N/A       100%        6
 Ignition                 Fire           0%         3d3       100%        8
 Summon Small Mammal      Summ           Unusable   N/A       N/A         1

Dungeon Overview and Level Annotations

Branches:
Dungeon (9/15)             Temple (1/1) D:6           Sewer (visited)
Ossuary (visited)
   Lair: D:8-11         Orc: D:9-12

Altars:
Ashenzari
Cheibriados
Elyvilon
Fedhas
Gozag
Hepliaklqana
Makhleb
Nemelex Xobeh
Okawaru
Qazlal
Ru
Sif Muna
Uskayaw
Vehumet
Xom
Yredelemnul
Zin
The Shining One

Shops:
D:6 *!   D:7 :!

Annotations:
D:9 1 runed translucent door


Innate Abilities, Weirdness & Mutations

You have a pair of horns on your head.
You reflexively headbutt those who attack you in melee.
[Your magical capacity is very low. (-20% MP)]


Message History

A starcursed mass splits.
A chorus of shrieks assaults your mind.
You slice the thrashing horror!! You headbutt the thrashing horror!
The thrashing horror is severely damaged.
The thrashing horror tramples you but does no damage.
The thrashing horror barely misses you.
A starcursed mass splits.
A chorus of shrieks assaults your mind.
* * * LOW HITPOINT WARNING * * *
The thrashing horror barely misses you.
The thrashing horror tramples you but does no damage.
You feel yourself speed up. A chorus of shrieks assaults your mind.
* * * LOW HITPOINT WARNING * * *
The starcursed mass touches you but does no damage.
The thrashing horror barely misses you. You furiously retaliate!
You headbutt the thrashing horror, but do no damage.
The thrashing horror barely misses you.
A starcursed mass splits.
The thrashing horror tramples you but does no damage.
The thrashing horror closely misses you.
The wretched star pulses with an eldritch light!
You feel less energetic. x2
A chorus of shrieks assaults your mind.
* * * LOW HITPOINT WARNING * * *
You slash the thrashing horror!
The thrashing horror is severely damaged.
The thrashing horror tramples you!
* * * LOW HITPOINT WARNING * * *
You hold your ground!
The thrashing horror tramples you but does no damage. x3
You closely miss the thrashing horror.
The thrashing horror is severely damaged.
The thrashing horror churns violently!
The thrashing horror seems to grow stronger.
The thrashing horror tramples you!
* * * LOW HITPOINT WARNING * * *
You stumble backwards!
A neqoxec comes into view.
A chorus of shrieks assaults your mind.
You die...

##### ##.. #...#
.#.# .#.
#...###...3. ..
#.#.@...##. ###.
#..X......# ..#.
#...##..#####....
. ##.....X## ##.
#...###...##
#.... ##X##
#...#. #Xh#
#X##..##..# ..
..#...X###


You could see 2 starcursed masses, a thrashing horror (strong), a large
abomination, a raiju and a neqoxec (wandering).

Vanquished Creatures
  A lich (Abyss:1)
  A tentacled starspawn (Abyss:2)
  Erica (D:8)
  3 two-headed ogres
  A thrashing horror (Abyss:2)
  A wretched star (Abyss:1)
  A flayed ghost (Abyss:1)
  A bog body (Abyss:2)
  Pikel (D:4)
  2 large abominations
  Joseph (D:9)
  A smoke demon (Abyss:1)
  An apocalypse crab (Abyss:2)
  An orange demon (Abyss:1)
  A kobold demonologist (D:9)
  An ancient zyme (Abyss:2)
  A hornet (D:9)
  2 raiju (Abyss:1)
  Grinder (D:6)
  Eustachio (D:4)
  A wraith (D:9)
  2 wyverns
  A ynoxinul (Abyss:2)
  3 water moccasins
  Pargi (Sewer)
  4 orc warriors (D:8)
  A sky beast (D:8)
  An ice beast (D:6)
  2 black bears
  2 centaurs
  An ogre (D:4)
  A phantom (D:4)
  2 kobold brigands
  A lemure (D:4)
  5 bullfrogs
  17 scorpions
  A gnoll sergeant (D:8)
  12 wights
  9 killer bees (D:9)
  4 howler monkeys
  5 electric eels
  A crimson imp (D:9)
  2 centaur zombies (Ossuary)
  5 human zombies (Ossuary)
  A quasit (Abyss:1)
  5 jellies
  2 orc priests
  A gnoll bouda (D:8)
  3 hounds
  2 sleepcaps
  Ijyb (D:4)
  2 iguanas
  6 scorpion zombies (Ossuary)
  7 orc wizards
  3 mummies (Ossuary)
  9 adders
  8 gnolls
  2 shadow imps
  A white imp (D:8)
  An ufetubus (D:5)
  2 worms (D:2)
  2 dart slugs
  29 orcs
  4 endoplasms
  7 giant cockroaches
  2 gnoll zombies (Ossuary)
  4 goblins
  10 hobgoblins
  5 quokkas
  7 ball pythons
  6 bats
  8 frilled lizards
  A goblin zombie (Ossuary)
  2 hobgoblin zombies (Ossuary)
  12 kobolds
  2 kobold zombies (Ossuary)
  4 orc zombies (Ossuary)
  6 rats
  A spectral hobgoblin (D:1)
  A starspawn tentacle (Abyss:2)
277 creatures vanquished.

Vanquished Creatures (others)
  7 starspawn tentacles (Abyss:2)
7 creatures vanquished.

Grand Total: 284 creatures vanquished

Notes
Turn   | Place    | Note
-------+----------+-------------------------------------------
     0 | D:1      | BillyBaka the Minotaur Fighter began the quest for the Orb.
     0 | D:1      | Reached XP level 1. HP: 19/19 MP: 0/0
   217 | D:1      | Reached skill level 3 in Axes
   217 | D:1      | Reached XP level 2. HP: 27/27 MP: 1/1
  1979 | D:1      | You fall into a shaft and drop 1 floor!
  2066 | D:1      | Reached skill level 1 in Throwing
  2276 | D:1      | Found a faded altar of an unknown god.
  2435 | D:2      | Reached XP level 3. HP: 33/33 MP: 2/2
  2448 | D:2      | Reached skill level 4 in Axes
  2669 | D:2      | Found a hazy altar of Hepliaklqana.
  2707 | D:2      | Reached XP level 4. HP: 40/40 MP: 3/3
  3080 | D:3      | Identified a scroll of acquirement
  3080 | D:3      | Acquired the +8 orange crystal plate armour {Archmagi,
                  | Int+3 Clar}
  3080 | D:3      | Found the +8 orange crystal plate armour {Archmagi, Int+3
                  | Clar}
  3698 | D:4      | Reached XP level 5. HP: 47/47 MP: 4/4
  3744 | D:4      | Found a sand-covered staircase.
  3749 | Ossuary  | Entered an ossuary
  3765 | Ossuary  | Reached skill level 5 in Axes
  3793 | Ossuary  | Reached skill level 5 in Fighting
  3793 | Ossuary  | Reached XP level 6. HP: 23/56 MP: 1/5
  3942 | Ossuary  | Reached skill level 6 in Axes
  3965 | Ossuary  | Reached XP level 7. HP: 61/61 MP: 6/6
  3967 | Ossuary  | Reached skill level 5 in Armour
  4046 | Ossuary  | Reached skill level 7 in Axes
  4184 | Ossuary  | Reached XP level 8. HP: 68/70 MP: 5/7
  4194 | Ossuary  | Reached skill level 8 in Axes
  4456 | D:4      | Found a white marble altar of Elyvilon.
  4482 | D:4      | Noticed Ijyb
  4550 | D:4      | Noticed Pikel
  4567 | D:4      | Killed Pikel
  4568 | D:4      | Reached skill level 9 in Axes
  4568 | D:4      | Reached skill level 5 in Throwing
  4728 | D:4      | Killed Ijyb
  4808 | D:4      | Reached XP level 9. HP: 79/79 MP: 8/8
  4861 | D:4      | Noticed Eustachio
  4879 | D:4      | Killed Eustachio
  5125 | D:5      | Entered Level 5 of the Dungeon
  5144 | D:5      | Found a glowing drain.
  5172 | Sewer    | Entered a sewer
  5195 | Sewer    | Noticed Pargi
  5206 | Sewer    | Killed Pargi
  5267 | Sewer    | Reached skill level 10 in Axes
  5932 | D:5      | Found a burning altar of Makhleb.
  6112 | D:6      | Found Feaxtoa's Distillery.
  6132 | D:6      | Bought a potion of haste for 130 gold pieces
  6132 | D:6      | Bought a potion of heal wounds for 65 gold pieces
  6141 | D:6      | Acquired the +9 executioner's axe "Giuchi" {antimagic, rF++
                  | rN+ Dex-2}
  6337 | D:6      | Noticed Grinder
  6344 | D:6      | Killed Grinder
  6678 | D:6      | Reached skill level 11 in Axes
  6803 | D:6      | Found a staircase to the Ecumenical Temple.
  6810 | Temple   | Entered the Ecumenical Temple
  6862 | Temple   | Became a worshipper of Warmaster Okawaru
  6888 | D:6      | Found Jukusoyd's CLEARANCE SALE!.
  6891 | D:6      | Reached skill level 1 in Dodging
  6907 | D:6      | Bought a scroll of identify for 6 gold pieces
  6907 | D:6      | Bought a potion of curing for 9 gold pieces
  7254 | D:7      | Reached XP level 10. HP: 90/90 MP: 3/9
  7364 | D:7      | Found Umicasel's Distillery.
  7374 | D:7      | Bought a potion of heal wounds for 65 gold pieces
  7374 | D:7      | Bought a potion of curing for 39 gold pieces
  7374 | D:7      | Bought a potion of heal wounds for 65 gold pieces
  7389 | D:7      | Found a glowing silver altar of Zin.
  7396 | D:7      | Reached * piety under Okawaru
  7652 | D:7      | Found Feoz's Book Shoppe.
  7738 | D:8      | Reached skill level 1 in Invocations
  7739 | D:8      | Noticed Erica
  7739 | Abyss:1  | Cast into level 1 of the Abyss (gnoll)
  7767 | Abyss:1  | Noticed a lich
  7780 | Abyss:1  | Killed a lich
  7780 | Abyss:1  | Reached ** piety under Okawaru
  7781 | Abyss:1  | Reached skill level 12 in Axes
  7808 | Abyss:1  | Noticed a wretched star
  7842 | Abyss:1  | Noticed a large abomination
  7854 | Abyss:1  | Noticed a wretched star
  7860 | Abyss:1  | Noticed an orange demon
  7864 | Abyss:1  | Noticed a flayed ghost
  7876 | Abyss:1  | Killed a flayed ghost
  7878 | Abyss:1  | Killed an orange demon
  7884 | Abyss:1  | Killed a wretched star
  7884 | Abyss:1  | Reached *** piety under Okawaru
  7884 | Abyss:1  | Noticed a smoke demon
  7888 | Abyss:1  | Killed a large abomination
  7889 | Abyss:1  | Reached XP level 11. HP: 31/99 MP: 1/9
  7896 | D:8      | Escaped the Abyss
  7915 | D:8      | Killed Erica
  7915 | D:8      | Received a gift from Okawaru
  7915 | D:8      | Reached **** piety under Okawaru
  7916 | D:8      | Reached skill level 13 in Axes
  8410 | D:8      | Reached skill level 10 in Fighting
  8423 | D:8      | Noticed a two-headed ogre
  8433 | D:8      | Killed a two-headed ogre
  8436 | D:8      | Reached skill level 1 in Stealth
  8557 | D:8      | Reached skill level 5 in Dodging
  8731 | D:8      | Identified the +2 scale mail of Tartarus {Stlth+}
  9171 | D:9      | Noticed a two-headed ogre
  9174 | D:9      | Killed a two-headed ogre
  9174 | D:9      | Reached ***** piety under Okawaru
  9185 | D:9      | Identified the +1 ring mail of Cowardice {Harm MP+9 Int+3}
  9248 | D:9      | Noticed Joseph
  9260 | D:9      | Killed Joseph
  9260 | D:9      | Identified the +7 plate armour "Duhets" {+Inv rElec Str+3
                  | Stlth-} (Okawaru gifted it to you on level 9 of the
                  | Dungeon)
  9260 | D:9      | Received a gift from Okawaru
  9379 | D:9      | Found a runed translucent door.
  9383 | D:9      | Reached skill level 10 in Armour
  9388 | D:9      | Noticed a two-headed ogre
  9395 | D:9      | Killed a two-headed ogre
  9503 | D:9      | Noticed a wizard
  9504 | Abyss:2  | Cast into level 2 of the Abyss (a wizard)
  9512 | Abyss:2  | Noticed a bog body
  9519 | Abyss:2  | Killed a bog body
  9520 | Abyss:2  | Reached skill level 14 in Axes
  9526 | D:9      | Escaped the Abyss
  9548 | D:9      | Reached skill level 5 in Invocations
  9568 | Abyss:2  | Cast into level 2 of the Abyss (a wizard)
  9615 | Abyss:2  | Noticed a tentacled starspawn
  9628 | Abyss:2  | Killed a tentacled starspawn
  9629 | Abyss:2  | Reached XP level 12. HP: 54/108 MP: 2/14
  9691 | Abyss:2  | Noticed a tentacled starspawn
  9894 | Abyss:2  | Noticed a starcursed mass
  9911 | Abyss:2  | HP: 4/108 [thrashing horror (9)]
  9911 | Abyss:2  | Killed from afar by a starcursed mass

Illustrated notes

Levels and vault maps discovered:
D:1:      enne_arrival_octagon_isle, layout_loops_ring,
          dreamdust_ecumenical_altar_drowned_temple, minmay_hedge_maze
D:2:      layout_rooms, basic_altar
D:3:      minmay_general_purpose_star, layout_basic, dreamdust_princess_bridge
D:4:      layout_basic, elyvilon_altar_4, nicolae_ossuary_entry_ruins,
          uniq_eustachio, uniq_ijyb, uniq_pikel
D:5:      layout_basic, lemuel_round_altar, portal_sewer_entry_a, st_stairs_3
D:6:      layout_basic, minmay_temple_entry_overgrown, serial_shops, shop,
          serial_bayou, serial_bayou_shore_a, serial_bayou_pond_c,
          serial_bayou_shore_b, serial_bayou_shore_b, serial_bayou_lagoon_b,
          grunt_ministairs_13, nicolae_shop_clearance, uniq_grinder
D:7:      layout_rooms, nicolae_overflow_hidden_temple, serial_shops,
          nicolae_shop_behind_doors, shop, chequers_garden, feat_on_display
D:8:      minmay_bubble_buster, layout_rooms, kennysheep_big_empty_room,
          uniq_erica
D:9:      layout_basic, ebering_ghost_xom, lightli_wizard_tower, uniq_joseph,
          uniq_maurice
Temple:   compressed_dpeg_triangle_lava_temple
Abyss:2:  base: D:3, spicy_abyss_rude_harpoons, base:
D:8

Skill      XL: |  1  2  3  4  5  6  7  8  9 10 11 12 |
---------------+-------------------------------------+-----
Axes           | 3 4 5 6 7 9 11 12 14 | 14.4
Throwing       | 1 2 3 4 5 6 |  6.1
Fighting       | 4 5 6 7 8 9 10 | 10.9
Armour         | 4 5 6 8 9 10 | 10.4
Dodging        | 1 4 6 |  6.2
Invocations    | 3 5 |  5.3
Stealth        | 2 3 |  3.1
Shields        | |  3.6

Action                     |  1- 3 |  4- 6 |  7- 9 | 10-12 || total
---------------------------+-------+-------+-------+-------++-------
  Melee: War axe           |  1809 |    83 |   230 |       ||  2122
         Headbutt          |   617 |    16 |    49 |    40 ||   722
         Executioner's axe |       |       |    35 |   190 ||   225
  Throw: Javelin           |    10 |       |    16 |    15 ||    41
         Boomerang         |       |       |    18 |       ||    18
 Invoke: Heroism           |       |       |       |     2 ||     2
    Use: Scroll            |       |     1 |    10 |     1 ||    12
         Potion            |       |       |     1 |     7 ||     8
 Armour: Scale mail        |    28 |     1 |       |       ||    29
         Crystal plate arm |       |    73 |   227 |   176 ||   476
  Dodge: Dodged            |    33 |    22 |    29 |    71 ||   155
  Block: Buckler           |    12 |    29 |    54 |       ||    95
